ATL
SOUTHERN MARYLAND BLUE CRABS @ ROAD WARRIORS
08/10/2072
 
TOP OF THE 1ST
Santa Cruz Seaweed batting - Pitching for Alpine Cowboys : RHP Dan Hammond
Pitching: RHP Dan Hammond
Batting: RHB Joey McKnight 0-0: Ball
1-0: Swinging Strike
1-1: Ball
2-1: Ball
3-1: Base on Balls
Batting: LHB Sean Guida 0-0: Called Strike
Joey McKnight steals 2nd base
0-1: Ball
1-1: Ball
2-1: Ball
3-1: Base on Balls
Batting: SHB Pedro Delgado 0-0: Ball
1-0: Called Strike
1-1: Foul Ball, location: 2F
1-2: Foul Ball, location: 2F
1-2: Ball
2-2: Foul Ball, location: 2F
2-2: Foul Ball, location: 2F
2-2: Foul Ball, location: 2F
2-2: Ball
3-2: Foul Ball, location: 2F
3-2: Strikes out swinging
Batting: RHB Ben Botta 0-0: Hit by Pitch
Joey McKnight to third
Sean Guida to second
Batting: LHB Angel Mejia 0-0: Swinging Strike
0-1: Called Strike
0-2: Foul Ball, location: 2F
0-2: Ball
1-2: Strikes out looking
Batting: LHB Jeff Christian 0-0: Called Strike
0-1: DOUBLE (Line Drive, 78XD, EV 107.5 MPH)
Joey McKnight scores
Sean Guida scores
Ben Botta to third
Runner from 3rd tries for Home, SAFE, throw by CF to home
Batting: RHB Arturo Reyes 0-0: Ball
1-0: Ball
2-0: Ball
3-0: Foul Ball, location: 2F
3-1: Base on Balls
Batting: RHB James DeRose 0-0: Called Strike
0-1: Ball
1-1: Ball
2-1: Swinging Strike
2-2: Ball
3-2: Foul Ball, location: 2F
3-2: Strikes out looking
Top of the 1st over - 3 runs, 1 hit, 0 errors, 2 left on base; Santa Cruz 3 - Alpine 0
BOTTOM OF THE 1ST
Alpine Cowboys batting - Pitching for Santa Cruz Seaweed : RHP Andrew Cartier
Pitching: RHP Andrew Cartier
Batting: RHB Marco Sisneros 0-0: SINGLE (Line Drive, 7S, EV 87.5 MPH)
Batting: RHB Juan Diaz 0-0: Ball
Marco Sisneros steals 2nd base
1-0: Swinging Strike
1-1: Ball
2-1: Foul Ball, location: 2F
2-2: Fly out, F5 (Line Drive, 5, EV 71.2 MPH)
Batting: LHB Angelo Reynoso 0-0: Called Strike
0-1: Ball
1-1: Foul Ball, location: 2F
1-2: Ball
2-2: Fly out, F8 (Flyball, 8RD, EV 83.8 MPH)
Batting: RHB Marty Stewart 0-0: Hit by Pitch
Batting: RHB Herman Maessen 0-0: Ball
1-0: Ball
2-0: Called Strike
2-1: Ball
3-1: Base on Balls
Marco Sisneros to third
Marty Stewart to second
Batting: LHB Ethan Skowronski 0-0: Ball
1-0: Foul Ball, location: 2F
1-1: Called Strike
1-2: Ball
2-2: Foul Ball, location: 2F
2-2: Foul Ball, location: 2F
2-2: Strikes out looking
Bottom of the 1st over - 0 runs, 1 hit, 0 errors, 3 left on base; Santa Cruz 3 - Alpine 0
TOP OF THE 2ND
Santa Cruz Seaweed batting - Pitching for Alpine Cowboys : RHP Dan Hammond
Batting: RHB Andrew Cartier 0-0: Ball
1-0: Swinging Strike
1-1: Swinging Strike
1-2: Foul Ball, location: 2F
1-2: Strikes out swinging
Batting: RHB Joey McKnight 0-0: Ball
1-0: Ground out 6-3 (Groundball, 6, EV 75.6 MPH)
Batting: LHB Sean Guida 0-0: Swinging Strike
0-1: Ball
1-1: Foul Ball, location: 2F
1-2: Ball
2-2: Fly out, F8 (Flyball, 8LS, EV 97.5 MPH)
Top of the 2nd over - 0 runs, 0 hits, 0 errors, 0 left on base; Santa Cruz 3 - Alpine 0
BOTTOM OF THE 2ND
Alpine Cowboys batting - Pitching for Santa Cruz Seaweed : RHP Andrew Cartier
Batting: RHB Steve Laliberte 0-0: Called Strike
0-1: Ball
1-1: Ball
2-1: Ball
3-1: Base on Balls
Batting: SHB Dwayne Robinson 0-0: Called Strike
0-1: Fly out, F8 (Line Drive, 8RD, EV 91.2 MPH)
Batting: SHB Dan Hammond 0-0: Called Strike
0-1: Grounds into double play, 4-6-3 (Groundball, 34D, EV 80.0 MPH)
Bottom of the 2nd over - 0 runs, 0 hits, 0 errors, 0 left on base; Santa Cruz 3 - Alpine 0
TOP OF THE 3RD
Santa Cruz Seaweed batting - Pitching for Alpine Cowboys : RHP Dan Hammond
Batting: SHB Pedro Delgado 0-0: Ball
1-0: Called Strike
1-1: Ball
2-1: Swinging Strike
2-2: Strikes out looking
Batting: RHB Ben Botta 0-0: Swinging Strike
0-1: Called Strike
0-2: Ball
1-2: SINGLE (Groundball, 6D, EV 96.2 MPH)
Batting: LHB Angel Mejia 0-0: Called Strike
0-1: Ball
1-1: Fly out, F8 (Flyball, 8RD, EV 102.5 MPH)
Batting: LHB Jeff Christian 0-0: Called Strike
0-1: Foul Ball, location: 2F
0-2: Ball
1-2: Ball
2-2: Ball
3-2: Base on Balls
Ben Botta to second
Batting: RHB Arturo Reyes 0-0: Called Strike
0-1: SINGLE (Flyball, 9LS, EV 96.2 MPH)
Ben Botta to third
Jeff Christian to second
Runner from 3rd tries for Home, SAFE, throw by RF to home
Batting: RHB James DeRose 0-0: Ball
1-0: Ball
2-0: Called Strike
2-1: DOUBLE (Groundball, 5L, EV 100.0 MPH)
Jeff Christian scores
Arturo Reyes to third
Runner from 3rd tries for Home, SAFE, throw by LF to home
Batting: RHB Andrew Cartier 0-0: Ball
1-0: Ball
2-0: Called Strike
2-1: Foul Ball, location: 2F
2-2: Ball
3-2: Ground out 5-3 (Groundball, 56, EV 87.5 MPH)
Top of the 3rd over - 3 runs, 3 hits, 0 errors, 1 left on base; Santa Cruz 6 - Alpine 0
BOTTOM OF THE 3RD
Alpine Cowboys batting - Pitching for Santa Cruz Seaweed : RHP Andrew Cartier
Batting: RHB Marco Sisneros 0-0: Ground out U3 (Groundball, 3, EV 83.1 MPH)
Batting: RHB Juan Diaz 0-0: Ball
1-0: Ball
2-0: Hit by Pitch
Batting: LHB Angelo Reynoso 0-0: Ball
Juan Diaz steals 2nd base
1-0: Fly out, F4 (Popup, 4, EV 63.1 MPH)
Batting: RHB Marty Stewart 0-0: Ball
1-0: Ground out 4-3 (Groundball, 4, EV 99.4 MPH)
Bottom of the 3rd over - 0 runs, 0 hits, 0 errors, 1 left on base; Santa Cruz 6 - Alpine 0
TOP OF THE 4TH
Santa Cruz Seaweed batting - Pitching for Alpine Cowboys : RHP Dan Hammond
Batting: RHB Joey McKnight 0-0: Hit by Pitch
Pitching: RHP Matt Buxbaum
Batting: LHB Sean Guida 0-0: Ball
1-0: Foul Ball, location: 2F
1-1: Ball
2-1: Called Strike
2-2: Grounds into double play, 4-6-3 (Groundball, 4, EV 96.2 MPH)
Batting: SHB Pedro Delgado 0-0: Swinging Strike
0-1: Ball
1-1: Ball
2-1: Ball
3-1: Base on Balls
Batting: RHB Ben Botta 0-0: DOUBLE (Line Drive, 89D, EV 109.4 MPH)
Pedro Delgado to third
Runner from 3rd tries for Home, SAFE, throw by RF to trailing runner, SAFE at third!
Batting: LHB Angel Mejia 0-0: Ball
1-0: Foul Ball, location: 2F
1-1: Called Strike
1-2: Fly out, F8 (Flyball, 8RD, EV 95.6 MPH)
Top of the 4th over - 1 run, 1 hit, 0 errors, 1 left on base; Santa Cruz 7 - Alpine 0
BOTTOM OF THE 4TH
Alpine Cowboys batting - Pitching for Santa Cruz Seaweed : RHP Andrew Cartier
Batting: RHB Herman Maessen 0-0: Foul Ball, location: 2F
0-1: Foul Ball, location: 2F
0-2: Foul Ball, location: 2F
0-2: Ball
1-2: Hit by Pitch
Batting: LHB Ethan Skowronski 0-0: Ball
1-0: Ball
2-0: Fly out, F8 (Flyball, 8LS, EV 84.4 MPH)
Batting: RHB Steve Laliberte 0-0: Called Strike
0-1: Foul Ball, location: 2F
0-2: Foul Ball, location: 2F
0-2: Fly out, F8 (Flyball, 8LXD, EV 108.1 MPH)
Batting: SHB Dwayne Robinson 0-0: Called Strike
0-1: SINGLE (Groundball, P, EV 88.8 MPH) (infield hit)
Herman Maessen to second
Batting: SHB Matt Buxbaum 0-0: Called Strike
0-1: Ball
1-1: Ground out 4-3 (Groundball, 4, EV 75.6 MPH)
Bottom of the 4th over - 0 runs, 1 hit, 0 errors, 2 left on base; Santa Cruz 7 - Alpine 0
TOP OF THE 5TH
Santa Cruz Seaweed batting - Pitching for Alpine Cowboys : RHP Matt Buxbaum
Batting: LHB Jeff Christian 0-0: Hit by Pitch
Batting: RHB Arturo Reyes 0-0: Grounds into double play, 6-4-3 (Groundball, 6S, EV 79.4 MPH)
Batting: RHB James DeRose 0-0: Ball
1-0: Called Strike
1-1: Foul Ball, location: 2F
1-2: SINGLE (Groundball, 15S, EV 61.9 MPH) (infield hit)
Batting: RHB Andrew Cartier 0-0: Swinging Strike
0-1: Ball
1-1: SINGLE (Line Drive, 4D, EV 96.2 MPH)
James DeRose to second
Batting: RHB Joey McKnight 0-0: Ball
1-0: Called Strike
1-1: Swinging Strike
1-2: Hit by Pitch
James DeRose to third
Andrew Cartier to second
Batting: LHB Sean Guida 0-0: Ball
1-0: Foul Ball, location: 2F
1-1: Fly out, F7 (Line Drive, 7, EV 95.0 MPH)
Top of the 5th over - 0 runs, 2 hits, 0 errors, 3 left on base; Santa Cruz 7 - Alpine 0
BOTTOM OF THE 5TH
Alpine Cowboys batting - Pitching for Santa Cruz Seaweed : RHP Andrew Cartier
Batting: RHB Marco Sisneros 0-0: Ball
1-0: Ball
2-0: Foul Ball, location: 2F
2-1: Foul Ball, location: 2F
2-2: Ball
3-2: Ground out 5-3 (Groundball, 5S, EV 87.5 MPH)
Batting: RHB Juan Diaz 0-0: Ball
1-0: SINGLE (Line Drive, 9S, EV 104.4 MPH)
Batting: LHB Angelo Reynoso 0-0: Called Strike
0-1: Ball
1-1: Fly out, F7 (Line Drive, 7, EV 90.0 MPH)
Batting: RHB Marty Stewart 0-0: Ball
1-0: Called Strike
1-1: Foul Ball, location: 2F
1-2: Strikes out looking
Bottom of the 5th over - 0 runs, 1 hit, 0 errors, 1 left on base; Santa Cruz 7 - Alpine 0
TOP OF THE 6TH
Santa Cruz Seaweed batting - Pitching for Alpine Cowboys : RHP Matt Buxbaum
Batting: SHB Pedro Delgado 0-0: Ball
1-0: Ball
2-0: Called Strike
2-1: Foul Ball, location: 2F
2-2: Ball
3-2: Hit by Pitch
Batting: RHB Ben Botta 0-0: Hit by Pitch
Pedro Delgado to second
Batting: LHB Angel Mejia 0-0: Called Strike
0-1: Ball
1-1: SINGLE (Groundball, 4MD, EV 94.4 MPH)
Pedro Delgado to third
Ben Botta to second
Pitching: RHP Marco Silva
Batting: LHB Jeff Christian 0-0: Called Strike
0-1: Foul Ball, location: 2F
0-2: Ball
1-2: Strikes out looking
Batting: RHB Arturo Reyes 0-0: Fly out, F4 (Line Drive, 4, EV 66.2 MPH)
Batting: RHB James DeRose 0-0: Ball
1-0: Ball
2-0: Ball
3-0: Called Strike
3-1: Called Strike
3-2: Base on Balls
Pedro Delgado scores
Ben Botta to third
Angel Mejia to second
Batting: RHB Andrew Cartier 0-0: Called Strike
0-1: Foul Ball, location: 2F
0-2: Strikes out looking
Top of the 6th over - 1 run, 1 hit, 0 errors, 3 left on base; Santa Cruz 8 - Alpine 0
BOTTOM OF THE 6TH
Alpine Cowboys batting - Pitching for Santa Cruz Seaweed : RHP Andrew Cartier
Batting: RHB Herman Maessen 0-0: Called Strike
0-1: Ball
1-1: Ball
2-1: Foul Ball, location: 2F
2-2: Foul Ball, location: 2F
2-2: Ground out 6-3 (Groundball, 6, EV 85.0 MPH)
Batting: LHB Ethan Skowronski 0-0: Ball
1-0: Ground out 5-3 (Groundball, 5L, EV 91.2 MPH)
Batting: RHB Steve Laliberte 0-0: Called Strike
0-1: Ball
1-1: Ball
2-1: Ball
3-1: Fly out, F8 (Line Drive, 8LD, EV 86.2 MPH)
Bottom of the 6th over - 0 runs, 0 hits, 0 errors, 0 left on base; Santa Cruz 8 - Alpine 0
TOP OF THE 7TH
Santa Cruz Seaweed batting - Pitching for Alpine Cowboys : RHP Marco Silva
Batting: RHB Joey McKnight 0-0: Called Strike
0-1: Ball
1-1: Called Strike
1-2: Ground out 4-3 (Groundball, 4, EV 85.6 MPH)
Batting: LHB Sean Guida 0-0: Swinging Strike
0-1: Ball
1-1: Called Strike
1-2: Foul Ball, location: 2F
1-2: Foul Ball, location: 2F
1-2: Ball
2-2: Ball
3-2: Foul Ball, location: 2F
3-2: Strikes out looking
Batting: SHB Pedro Delgado 0-0: Ball
1-0: Fly out, F3 (Popup, 3SF, EV 63.8 MPH)
Top of the 7th over - 0 runs, 0 hits, 0 errors, 0 left on base; Santa Cruz 8 - Alpine 0
BOTTOM OF THE 7TH
Alpine Cowboys batting - Pitching for Santa Cruz Seaweed : RHP Andrew Cartier
Batting: SHB Dwayne Robinson 0-0: Ball
1-0: Called Strike
1-1: Called Strike
1-2: Ground out 4-3 (Groundball, 4, EV 105.0 MPH)
Batting: RHB Marco Silva 0-0: Ground out 5-3 (Groundball, 5S, EV 89.4 MPH)
Pinch Hitting: RHB Tim Yocum 0-0: Fly out, F8 (Flyball, 8LD, EV 98.1 MPH)
Bottom of the 7th over - 0 runs, 0 hits, 0 errors, 0 left on base; Santa Cruz 8 - Alpine 0
TOP OF THE 8TH
Santa Cruz Seaweed batting - Pitching for Alpine Cowboys : RHP Marco Silva
Now in CF: Tim Yocum
Batting: RHB Ben Botta 0-0: Ball
1-0: Swinging Strike
1-1: Called Strike
1-2: Ground out 5-3 (Groundball, 56, EV 85.6 MPH)
Batting: LHB Angel Mejia 0-0: Ball
1-0: Fly out, F7 (Flyball, 7, EV 88.8 MPH)
Batting: LHB Jeff Christian 0-0: Called Strike
0-1: Ball
1-1: Foul Ball, location: 2F
1-2: Foul Ball, location: 2F
1-2: Ball
2-2: Foul Ball, location: 2F
2-2: Strikes out looking
Top of the 8th over - 0 runs, 0 hits, 0 errors, 0 left on base; Santa Cruz 8 - Alpine 0
BOTTOM OF THE 8TH
Alpine Cowboys batting - Pitching for Santa Cruz Seaweed : RHP Andrew Cartier
Pitching: RHP James Martin
Batting: RHB Juan Diaz 0-0: Called Strike
0-1: Ball
1-1: Ball
2-1: Called Strike
2-2: Foul Ball, location: 2F
2-2: Foul Ball, location: 2F
2-2: Fly out, F8 (Line Drive, 8RD, EV 96.9 MPH)
Pinch Hitting: LHB Evan Hirschbaum 0-0: Ball
1-0: Called Strike
1-1: Called Strike
1-2: Strikes out swinging
Batting: RHB Marty Stewart 0-0: Ball
1-0: Ball
2-0: Called Strike
2-1: Swinging Strike
2-2: Ball
3-2: Base on Balls
Batting: RHB Herman Maessen 0-0: Called Strike
0-1: Called Strike
0-2: Ball
1-2: Strikes out looking
Bottom of the 8th over - 0 runs, 0 hits, 0 errors, 1 left on base; Santa Cruz 8 - Alpine 0
TOP OF THE 9TH
Santa Cruz Seaweed batting - Pitching for Alpine Cowboys : RHP Marco Silva
Now at 1B: Evan Hirschbaum
Batting: RHB Arturo Reyes 0-0: Ball
1-0: Ball
2-0: Called Strike
2-1: Called Strike
2-2: Hit by Pitch
Batting: RHB James DeRose 0-0: Ball
1-0: Called Strike
Arturo Reyes steals 2nd base
1-1: Ball
2-1: Fly out, F8 (Flyball, 89D, EV 108.1 MPH)
Runner from 2nd tags up, SAFE at 3rd, no throw by CF
Batting: RHB James Martin 0-0: Called Strike
0-1: Called Strike
0-2: Ground out 5-3 (Groundball, 56, EV 80.6 MPH)
Arturo Reyes scores
Batting: RHB Joey McKnight 0-0: Ground out 4-3 (Groundball, 4, EV 86.2 MPH)
Top of the 9th over - 1 run, 0 hits, 0 errors, 0 left on base; Santa Cruz 9 - Alpine 0
BOTTOM OF THE 9TH
Alpine Cowboys batting - Pitching for Santa Cruz Seaweed : RHP James Martin
Batting: LHB Ethan Skowronski 0-0: Fly out, F7 (Flyball, 7LD, EV 91.2 MPH)
Batting: RHB Steve Laliberte 0-0: Ball
1-0: Ball
2-0: Called Strike
2-1: Called Strike
2-2: Strikes out swinging
Batting: SHB Dwayne Robinson 0-0: Ball
1-0: Ball
2-0: Ball
3-0: Base on Balls
Pinch Hitting: RHB Zach Dolce 0-0: Called Strike
0-1: Ball
Wild Pitch!
Dwayne Robinson to second
1-1: Swinging Strike
1-2: Ball
2-2: Foul Ball, location: 2F
2-2: Ball
3-2: Strikes out swinging
Bottom of the 9th over - 0 runs, 0 hits, 0 errors, 1 left on base; Santa Cruz 9 - Alpine 0
Saturday, October 30th , 2021 - OOTP Baseball 22.10 Build 79